cohdb
Replays
Latest Replays
All Replays
Popular Replays
Top Player Replays
Match Explorer
How It Works
Community
CoH3 Stats
Reddit
Sign in to upload your games and track your stats! →
Sign in with Steam
Match 46933892
Unlisted
Match 46933892
Overview
Messages
Build Orders
End
Vickers Machine Gun Team
Selects Indian Artillery Battlegroup
Selects Indian Artillery Battlegroup
Construct Section Command Post
Infantry Section
Infantry Section
Selects War Cry
Infantry Section
Grenade Package
Construct Platoon Command Post
Construct Field Infirmary
6-pounder Anti-tank Gun Team
Selects Gurkha Rifles Section
Infantry Training
Bogu
CppMonster
noob
판DA
WilllTHENOOBz
我小叮当今晚要搞事!
佛系玩家
FLOKL
0
0
Comments
sign in to comment!
No comments posted yet!